TOP OF THE 1ST |
Kansas City Kings batting - Pitching for Maui Tropics : RHP Steve Floyd
|
Pitching: RHP Steve Floyd
|
|
Batting: SHB Douglas Taylor
|
0-0: Called Strike 0-1: Ball 1-1: Ball 2-1: Ball 3-1: Base on Balls
|
Batting: RHB Dennis Garner
|
0-0: Called Strike 0-1: Ball 1-1: Grounds into double play, 4-6-3 (Groundball, 34)
|
Batting: RHB Toshimichi Kono
|
0-0: Called Strike 0-1: Swinging Strike 0-2: Ball 1-2: Foul Ball, location: 2F 1-2: Ground out 6-3 (Groundball, 6)
|
Top of the 1st over - 0 runs, 0 hits, 0 errors, 0 left on base; Kansas City 0 - Maui 0 |
BOTTOM OF THE 1ST |
Maui Tropics batting - Pitching for Kansas City Kings : LHP Francisco Morales
|
Pitching: LHP Francisco Morales
|
|
Batting: LHB Warren Potter
|
0-0: Called Strike 0-1: Ball 1-1: Called Strike 1-2: Strikes out swinging
|
Batting: RHB Matt Silver
|
0-0: Swinging Strike 0-1: Ball 1-1: Ball 2-1: Swinging Strike 2-2: SINGLE (Line Drive, 7LS)
|
Batting: RHB Jesús Espinoza
|
0-0: Ball 1-0: Foul Ball, location: 2F 1-1: Ball 2-1: Ball 3-1: Base on Balls Matt Silver to second
|
Batting: RHB Luis Alou
|
0-0: Called Strike 0-1: Fly out, F7 (Flyball, 7D)
|
Batting: LHB Luis Antonio Torres
|
0-0: DOUBLE (Line Drive, 9D) Matt Silver scores Jesús Espinoza to third
|
Batting: LHB Dave Cook
|
0-0: Ball 1-0: Called Strike 1-1: Fly out, F7 (Flyball, 78XD)
|
Bottom of the 1st over - 1 run, 2 hits, 0 errors, 2 left on base; Kansas City 0 - Maui 1 |
TOP OF THE 2ND |
Kansas City Kings batting - Pitching for Maui Tropics : RHP Steve Floyd
|
Batting: LHB Luis González
|
0-0: Swinging Strike 0-1: Ball 1-1: Ball 2-1: Fly out, F8 (Flyball, 89M)
|
Batting: RHB Cy Keynes
|
0-0: Called Strike 0-1: Ball 1-1: Swinging Strike 1-2: Ball 2-2: Foul Ball, location: 2F 2-2: Foul Ball, location: 2F 2-2: Foul Ball, location: 2F 2-2: Strikes out looking
|
Batting: RHB Dave Parker
|
0-0: Called Strike 0-1: Fly out, F8 (Flyball, 8LM)
|
Top of the 2nd over - 0 runs, 0 hits, 0 errors, 0 left on base; Kansas City 0 - Maui 1 |
BOTTOM OF THE 2ND |
Maui Tropics batting - Pitching for Kansas City Kings : LHP Francisco Morales
|
Batting: RHB John Brown
|
0-0: Ground out 1-3 (Groundball, P)
|
Batting: RHB Michael Woodruff
|
0-0: SINGLE (Line Drive, 34)
|
Batting: RHB Roberto Gómez
|
0-0: Called Strike 0-1: Ball 1-1: Foul Ball, location: 2F 1-2: Strikes out swinging
|
Batting: LHB Warren Potter
|
0-0: Swinging Strike 0-1: Ball 1-1: Fly out, F7 (Flyball, 7D)
|
Bottom of the 2nd over - 0 runs, 1 hit, 0 errors, 1 left on base; Kansas City 0 - Maui 1 |
TOP OF THE 3RD |
Kansas City Kings batting - Pitching for Maui Tropics : RHP Steve Floyd
|
Batting: RHB John Anderson
|
0-0: Ground out 6-3 (Groundball, 6)
|
Batting: RHB Eduardo García
|
0-0: Ground out 4-3 (Groundball, 34)
|
Batting: RHB Gregg Nelson
|
0-0: Ball 1-0: SOLO HOME RUN (Flyball, 7LD), Distance : 362 ft
|
Batting: SHB Douglas Taylor
|
0-0: Called Strike 0-1: Ball 1-1: Swinging Strike 1-2: Strikes out swinging
|
Top of the 3rd over - 1 run, 1 hit, 0 errors, 0 left on base; Kansas City 1 - Maui 1 |
BOTTOM OF THE 3RD |
Maui Tropics batting - Pitching for Kansas City Kings : LHP Francisco Morales
|
Batting: RHB Matt Silver
|
0-0: Ball 1-0: Called Strike 1-1: Called Strike 1-2: Ball 2-2: Ball 3-2: Fly out, F7 (Flyball, 7)
|
Batting: RHB Jesús Espinoza
|
0-0: Ball 1-0: Foul Ball, location: 2F 1-1: SINGLE (Line Drive, 6D)
|
Batting: RHB Luis Alou
|
0-0: Called Strike 0-1: Ball 1-1: Swinging Strike 1-2: Strikes out swinging
|
Batting: LHB Luis Antonio Torres
|
0-0: Ball 1-0: Ball 2-0: Ball 3-0: Swinging Strike 3-1: Base on Balls Jesús Espinoza to second
|
Batting: LHB Dave Cook
|
0-0: Ball 1-0: Foul Ball, location: 2F 1-1: Ball 2-1: Foul Ball, location: 2F 2-2: Foul Ball, location: 2F 2-2: Fly out, F7 (Line Drive, 78M)
|
Bottom of the 3rd over - 0 runs, 1 hit, 0 errors, 2 left on base; Kansas City 1 - Maui 1 |
TOP OF THE 4TH |
Kansas City Kings batting - Pitching for Maui Tropics : RHP Steve Floyd
|
Batting: RHB Dennis Garner
|
0-0: Called Strike 0-1: Ball 1-1: Foul Ball, location: 2F 1-2: Foul Ball, location: 2F 1-2: Strikes out swinging
|
Batting: RHB Toshimichi Kono
|
0-0: Fly out, F7 (Flyball, 7)
|
Batting: LHB Luis González
|
0-0: Ball 1-0: SINGLE (Line Drive, 34)
|
Batting: RHB Cy Keynes
|
0-0: Fly out, F8 (Flyball, 8RS)
|
Top of the 4th over - 0 runs, 1 hit, 0 errors, 1 left on base; Kansas City 1 - Maui 1 |
BOTTOM OF THE 4TH |
Maui Tropics batting - Pitching for Kansas City Kings : LHP Francisco Morales
|
Batting: RHB John Brown
|
0-0: Ball 1-0: Ball 2-0: Foul Ball, location: 2F 2-1: Swinging Strike 2-2: Fly out, F7 (Flyball, 7)
|
Batting: RHB Michael Woodruff
|
0-0: SINGLE (Groundball, 56D)
|
Batting: RHB Roberto Gómez
|
0-0: Called Strike 0-1: Grounds into double play, 6-4-3 (Groundball, 6D)
|
Bottom of the 4th over - 0 runs, 1 hit, 0 errors, 0 left on base; Kansas City 1 - Maui 1 |
TOP OF THE 5TH |
Kansas City Kings batting - Pitching for Maui Tropics : RHP Steve Floyd
|
Batting: RHB Dave Parker
|
0-0: Ball 1-0: Foul Ball, location: 2F 1-1: SINGLE (Line Drive, 7S)
|
Batting: RHB John Anderson
|
0-0: Foul Ball, location: 2F 0-1: Ball 1-1: Ball 2-1: Ball 3-1: Called Strike 3-2: Fly out, F9 (Line Drive, 9S)
|
Batting: RHB Eduardo García
|
0-0: Called Strike 0-1: Swinging Strike 0-2: Fielders Choice at 2nd, 6-4 (Groundball, 6)
|
Batting: RHB Gregg Nelson
|
0-0: Called Strike 0-1: Ball 1-1: 2-RUN HOME RUN (Flyball, 7D), Distance : 371 ft
|
Batting: SHB Douglas Taylor
|
0-0: Foul Ball, location: 2F 0-1: Ground out 5-3 (Groundball, 56)
|
Top of the 5th over - 2 runs, 2 hits, 0 errors, 0 left on base; Kansas City 3 - Maui 1 |
BOTTOM OF THE 5TH |
Maui Tropics batting - Pitching for Kansas City Kings : LHP Francisco Morales
|
Batting: LHB Warren Potter
|
0-0: Foul Ball, location: 2F 0-1: Swinging Strike 0-2: Ball 1-2: Fly out, F3 (Popup, 23F)
|
Batting: RHB Matt Silver
|
0-0: Called Strike 0-1: Foul Ball, location: 2F 0-2: Ball 1-2: Ground out 5-3 (Groundball, 56)
|
Batting: RHB Jesús Espinoza
|
0-0: Ball 1-0: Swinging Strike 1-1: Swinging Strike 1-2: Ball 2-2: Ball 3-2: Foul Ball, location: 2F 3-2: Ground out U3 (Groundball, 3)
|
Bottom of the 5th over - 0 runs, 0 hits, 0 errors, 0 left on base; Kansas City 3 - Maui 1 |
TOP OF THE 6TH |
Kansas City Kings batting - Pitching for Maui Tropics : RHP Steve Floyd
|
Batting: RHB Dennis Garner
|
0-0: Ball 1-0: Ball 2-0: SINGLE (Flyball, 7S)
|
Batting: RHB Toshimichi Kono
|
0-0: Ball Dennis Garner steals 2nd base 1-0: Intentional Walk
|
Batting: LHB Luis González
|
0-0: Called Strike 0-1: Called Strike 0-2: Strikes out swinging
|
Batting: RHB Cy Keynes
|
0-0: Called Strike 0-1: Called Strike 0-2: Ball 1-2: Foul Ball, location: 2F 1-2: Ball 2-2: Ball 3-2: Foul Ball, location: 2F 3-2: Ground out 5-3 (Groundball, 56S) Dennis Garner to third Toshimichi Kono to second
|
Batting: RHB Dave Parker
|
0-0: Swinging Strike 0-1: Ball 1-1: Foul Ball, location: 2F 1-2: Ground out 5-3 (Groundball, 5L)
|
Top of the 6th over - 0 runs, 1 hit, 0 errors, 2 left on base; Kansas City 3 - Maui 1 |
BOTTOM OF THE 6TH |
Maui Tropics batting - Pitching for Kansas City Kings : LHP Francisco Morales
|
Batting: RHB Luis Alou
|
0-0: Ball 1-0: DOUBLE (Line Drive, 89M)
|
Batting: LHB Luis Antonio Torres
|
0-0: Swinging Strike 0-1: Ball 1-1: Ground out 4-3 (Groundball, 34) Luis Alou to third
|
Batting: LHB Dave Cook
|
0-0: Ball 1-0: Called Strike 1-1: Ball 2-1: Ball 3-1: Base on Balls
|
Batting: RHB John Brown
|
0-0: Called Strike 0-1: Ball 1-1: Called Strike 1-2: Strikes out swinging
|
Batting: RHB Michael Woodruff
|
0-0: Foul Ball, location: 2F 0-1: Foul Ball, location: 2F 0-2: Foul Ball, location: 2F 0-2: Fly out, F4 (Line Drive, 4)
|
Bottom of the 6th over - 0 runs, 1 hit, 0 errors, 2 left on base; Kansas City 3 - Maui 1 |
TOP OF THE 7TH |
Kansas City Kings batting - Pitching for Maui Tropics : RHP Steve Floyd
|
Batting: RHB John Anderson
|
0-0: Ground out 4-3 (Groundball, 4M)
|
Batting: RHB Eduardo García
|
0-0: Ball 1-0: Called Strike 1-1: Called Strike 1-2: Ball 2-2: DOUBLE (Line Drive, 78D)
|
Batting: RHB Gregg Nelson
|
0-0: Swinging Strike 0-1: Ball 1-1: Ground out 6-3 (Groundball, 6S) Eduardo García to third
|
Batting: SHB Douglas Taylor
|
0-0: Ball 1-0: Ball 2-0: Fly out, F8 (Flyball, 8LS)
|
Top of the 7th over - 0 runs, 1 hit, 0 errors, 1 left on base; Kansas City 3 - Maui 1 |
BOTTOM OF THE 7TH |
Maui Tropics batting - Pitching for Kansas City Kings : LHP Francisco Morales
|
Batting: RHB Roberto Gómez
|
0-0: Ground out 6-3 (Groundball, 6)
|
Batting: LHB Warren Potter
|
0-0: Ball 1-0: Called Strike 1-1: Ball 2-1: Fly out, F6 (Popup, 6MS)
|
Batting: RHB Matt Silver
|
0-0: Called Strike 0-1: Bunted foul 0-2: Ball 1-2: SINGLE (Line Drive, 7LS)
|
Batting: RHB Jesús Espinoza
|
0-0: Called Strike 0-1: Ball 1-1: Fielders Choice at 2nd, 6-4 (Groundball, 56)
|
Bottom of the 7th over - 0 runs, 1 hit, 0 errors, 1 left on base; Kansas City 3 - Maui 1 |
TOP OF THE 8TH |
Kansas City Kings batting - Pitching for Maui Tropics : RHP Steve Floyd
|
Batting: RHB Dennis Garner
|
0-0: Swinging Strike 0-1: Called Strike 0-2: Strikes out swinging
|
Batting: RHB Toshimichi Kono
|
0-0: Swinging Strike 0-1: Ball 1-1: SINGLE (Groundball, 34D)
|
Pitching: RHP Archie Summers
|
|
Batting: LHB Luis González
|
0-0: Called Strike 0-1: Swinging Strike 0-2: Strikes out swinging
|
Batting: RHB Cy Keynes
|
0-0: Ball Toshimichi Kono steals 2nd base 1-0: Called Strike 1-1: Ball 2-1: Ground out 6-3 (Groundball, 6M)
|
Top of the 8th over - 0 runs, 1 hit, 0 errors, 1 left on base; Kansas City 3 - Maui 1 |
BOTTOM OF THE 8TH |
Maui Tropics batting - Pitching for Kansas City Kings : LHP Francisco Morales
|
Pitching: RHP Alberto Bonilla
|
|
Batting: RHB Luis Alou
|
0-0: Called Strike 0-1: Ball 1-1: SOLO HOME RUN (Flyball, 7D), Distance : 361 ft
|
Pitching: LHP Manuel Parra
|
|
Batting: LHB Luis Antonio Torres
|
0-0: Swinging Strike 0-1: Foul Ball, location: 2F 0-2: Ball 1-2: Foul Ball, location: 2F 1-2: Foul Ball, location: 2F 1-2: Ball 2-2: Ball 3-2: DOUBLE (Line Drive, 9LD)
|
Batting: LHB Dave Cook
|
0-0: Ball 1-0: SINGLE (Groundball, 4D) Luis Antonio Torres to third
|
Pitching: RHP Raymond Gregg
|
|
Pinch Hitting: LHB Ernesto López
|
0-0: Ball 1-0: Ball 2-0: Called Strike 2-1: Foul Ball, location: 2F 2-2: Ground out 4-3 (Groundball, 34D) Dave Cook to second
|
Batting: RHB Michael Woodruff
|
0-0: Foul Ball, location: 2F 0-1: Fly out, F8 (Flyball, 78D) Runner from 3rd tags up, SCORES, throw made
|
Batting: RHB Roberto Gómez
|
0-0: Ball 1-0: Ball 2-0: Foul Ball, location: 2F 2-1: Ground out 1-3 (Groundball, 13S)
|
Bottom of the 8th over - 2 runs, 3 hits, 0 errors, 1 left on base; Kansas City 3 - Maui 3 |
TOP OF THE 9TH |
Kansas City Kings batting - Pitching for Maui Tropics : RHP Archie Summers
|
Now at 2B: Reynaldo Slomp
|
|
Batting: RHB Dave Parker
|
0-0: Ball 1-0: Ball 2-0: Ball 3-0: Base on Balls
|
Batting: RHB John Anderson
|
0-0: Swinging Strike 0-1: Called Strike 0-2: Ball 1-2: Foul Ball, location: 2F 1-2: Ball 2-2: Ball 3-2: Fly out, F3 (Popup, 34S)
|
Batting: RHB Eduardo García
|
0-0: Ball 1-0: Called Strike 1-1: Ball 2-1: Ground out 3-1 (Groundball, 34) Dave Parker to second
|
Batting: RHB Gregg Nelson
|
0-0: Ball 1-0: Ball 2-0: Ball 3-0: Base on Balls
|
Batting: SHB Douglas Taylor
|
0-0: Called Strike 0-1: SINGLE (Groundball, 56D) Dave Parker to third Gregg Nelson to second Runner from 3rd tries for Home, SAFE, no throw
|
Batting: RHB Dennis Garner
|
0-0: Called Strike 0-1: Foul Ball, location: 2F 0-2: Ball 1-2: Ball 2-2: Strikes out swinging
|
Top of the 9th over - 1 run, 1 hit, 0 errors, 2 left on base; Kansas City 4 - Maui 3 |
BOTTOM OF THE 9TH |
Maui Tropics batting - Pitching for Kansas City Kings : RHP Raymond Gregg
|
Pitching: RHP Nick Parks
|
|
Batting: LHB Warren Potter
|
0-0: Ground out 4-3 (Groundball, 4)
|
Batting: RHB Matt Silver
|
0-0: Ball 1-0: Foul Ball, location: 2F 1-1: Ball 2-1: Ball 3-1: Ground out 6-3 (Groundball, 6D)
|
Batting: RHB Jesús Espinoza
|
0-0: Ball 1-0: Swinging Strike 1-1: Called Strike 1-2: Strikes out swinging
|
Bottom of the 9th over - 0 runs, 0 hits, 0 errors, 0 left on base; Kansas City 4 - Maui 3 |
|